Map: Ulrena

Players

Rinka

  • Race: Protoss Protoss
  • League: Grandmaster

Nice - Winner!

  • Race: Protoss Protoss

Event: DreamHack ZOWIE Open Leipzig

VOD

Have the link to the VOD?

Description

Time

  • Played on: Jan. 22, 2016, 10:39 a.m.
  • Length: 6:54

All games in this series

Show
View Real Time Build Order
Export as new Build Order

Rinka Protoss 

Build Orders:  

Get SALT Encoding   

  12  0:00  Probe (Chrono Boost)  
  13  0:11  Probe (Chrono Boost)  
  14  0:19  Pylon  
  14  0:22  Probe (Chrono Boost)  
  15  0:37  Probe (Chrono Boost)  
  15  0:38  Gateway  
  16  0:48  Probe (Chrono Boost)  
  17  0:53  Assimilator  
  17  0:54  Assimilator  
  17  0:58  Probe (Chrono Boost)  
  18  1:06  Gateway  
  18  1:10  Probe (Chrono Boost)  
  19  1:21  Probe (Chrono Boost)  
  20  1:27  Cybernetics Core  
  20  1:31  Probe (Chrono Boost)  
  21  1:42  Probe (Chrono Boost), Pylon  
  22  1:52  Probe (Chrono Boost)  
  23  1:59  Pylon  
  23  2:04  Mothership Core (Chrono Boost)  
  23  2:07  Pylon  
  25  2:18  Pylon  
  25  2:27  Pylon  
  25  2:28  Pylon  
  24  2:34  Warp Gate (Chrono Boost)  
  24  2:45  Stalker (Chrono Boost)  
  26  2:56  Stalker (Chrono Boost)  
  26  2:57  Pylon  
  28  3:19  Probe  
  24  3:32  Probe (Chrono Boost)  
  25  3:35  Twilight Council  
  25  3:41  Stalker  
  25  3:42  Probe (Chrono Boost)  
  25  3:44  Pylon  
  28  3:49  Stalker  
  28  3:54  Probe (Chrono Boost)  
  31  4:04  Probe (Chrono Boost)  
  32  4:12  Blink (Chrono Boost)  
  32  4:17  Probe  
  33  4:25  Gateway  
  29  4:31  Probe  
  30  4:43  Probe  
  31  4:55  Probe, Pylon  
  32  5:07  Probe  
  33  5:17  Stalker  
  33  5:18  Stalker  
  33  5:19  Probe  
  37  5:27  Stalker  
  35  5:56  Stalker x3  
  39  6:04  Pylon  
  39  6:22  Stalker x2  
  41  6:34  Stalker  
  34  6:51  Stalker x2  
Show
View Real Time Build Order
Export as new Build Order

Nice Protoss - Winner!

Build Orders: Oracle Opening 

Get SALT Encoding   

  12  0:09  Pylon  
  12  0:14  Probe (Chrono Boost)  
  13  0:25  Probe (Chrono Boost)  
  14  0:30  Gateway  
  15  0:35  Probe (Chrono Boost)  
  15  0:46  Probe (Chrono Boost)  
  15  0:47  Assimilator  
  16  0:52  Assimilator  
  16  0:56  Probe (Chrono Boost)  
  17  1:07  Probe (Chrono Boost)  
  17  1:08  Gateway  
  18  1:17  Cybernetics Core, Probe (Chrono Boost)  
  19  1:28  Probe (Chrono Boost)  
  20  1:37  Pylon  
  20  1:38  Probe (Chrono Boost)  
  21  1:52  Pylon x2  
  21  1:55  Mothership Core (Chrono Boost)  
  21  1:57  Pylon  
  23  2:08  Pylon  
  23  2:13  Stalker (Chrono Boost)  
  25  2:34  Pylon  
  25  2:35  Probe, Warp Gate  
  26  2:39  Stalker (Chrono Boost)  
  28  2:53  Probe  
  29  2:59  Stargate  
  29  3:23  Stalker (Chrono Boost)  
  31  3:33  Nexus  
  31  3:37  Pylon  
  31  3:42  Oracle (Chrono Boost)  
  31  3:47  Probe  
  35  3:52  Gateway  
  35  4:03  Probe (Chrono Boost)  
  35  4:08  Robotics Facility  
  36  4:15  Probe (Chrono Boost)  
  37  4:25  Probe (Chrono Boost)  
  38  4:36  Probe (Chrono Boost)  
  39  4:41  Void Ray (Chrono Boost)  
  43  4:46  Probe  
  43  4:49  Probe, Pylon  
  45  4:56  Stalker  
  45  4:59  Observer (Chrono Boost)  
  45  5:02  Stalker  
  47  5:20  Stalker  
  49  5:24  Probe x2  
  49  5:25  Immortal (Chrono Boost)  
  55  5:31  Pylon  
  55  5:36  Probe x2 (Chrono Boost)  
  57  5:47  Probe (Chrono Boost)  
  52  5:53  Probe (Chrono Boost)  
  52  5:54  Stalker x2  
  57  5:57  Probe (Chrono Boost), Pylon  
  57  6:02  Probe  
  56  6:06  Immortal (Chrono Boost)  
  56  6:09  Probe  
  60  6:13  Probe  
  60  6:16  Gateway  
  61  6:21  Probe  
  62  6:27  Probe, Gateway, Twilight Council  
  63  6:34  Assimilator  
  63  6:35  Assimilator  
  63  6:37  Pylon  
  59  6:48  Stalker x2  

Tags
 
Add a new tag
Caveats
  • Supply blocks, unpowered buildings, or Contaminate may cause inaccurate times.
  • Supply counts are checked every 10 seconds.